 Dungeon Crawl Stone Soup version 0.27.1-33-g824d729ab1 (webtiles) character file.

Game seed: 16422559841104826877

56 hamarrboo the Skirmisher (level 3, 0/34 HPs)
             Began as a Minotaur Abyssal Knight on Dec 9, 2021.
             Was a Believer of Lugonu.
             Slain by an endoplasm (2 damage)
             ... on level 1 of the Dungeon.
             The game lasted 00:05:02 (738 turns).

hamarrboo the Skirmisher (Minotaur Abyssal Knight)   Turns: 738, Time: 00:05:02

Health: 0/34       AC:  7    Str: 17    XL:     3   Next: 71%
Magic:  3/3        EV:  5    Int:  9    God:    Lugonu [**....]
Gold:   31         SH:  0    Dex:  9    Spells: 2/2 levels left

rFire    . . .     SeeInvis .   a - +1 spear
rCold    . . .     Faith    .   (no shield)
rNeg     . . .     Spirit   .   e - +0 plate armour
rPois    .         Reflect  .   (helmet restricted)
rElec    .         Harm     .   (no cloak)
rCorr    .         Rampage  .   (no gloves)
Will     .....                  (no boots)
Stlth    ..........             (no amulet)
HPRegen  0.11/turn              (no ring)
MPRegen  0.08/turn              (no ring)

@: corroded, hasted, very quick
A: horns 2, retaliatory headbutt
a: Renounce Religion, Depart the Abyss, Bend Space


You were on level 1 of the Dungeon.
You worshipped Lugonu.
Lugonu was pleased with you.
You visited 1 branch of the dungeon, and saw 2 of its levels.
You visited the Abyss 1 time.

You collected 31 gold pieces.

Inventory:

Hand Weapons
 a - a +1 spear (weapon)
Missiles
 c - 12 poisoned darts (quivered)
Armour
 e - a +0 plate armour (worn)
Scrolls
 b - a scroll of summoning {unknown}
 f - a scroll of identify {unknown}
 h - a scroll of teleportation {unknown}
 i - a scroll of enchant armour {unknown}
Potions
 d - a potion of berserk rage {unknown}


   Skills:
 + Level 4.4 Fighting
 * Level 3.8 Polearms
 + Level 0.9 Throwing
 + Level 2.8 Armour
 + Level 1.1 Dodging
 - Level 1.7 Invocations


You had 2 spell levels left.
You didn't know any spells.
Your spell library was empty.

Dungeon Overview and Level Annotations

Branches:
Dungeon (2/15)

Altars:


Innate Abilities, Weirdness & Mutations

You have a pair of horns on your head.
You reflexively headbutt those who attack you in melee.


Message History

The endoplasm hits you but does no damage.
You closely miss the giant cockroach.
Your headbutt misses the giant cockroach.
The giant cockroach is severely wounded.
The giant cockroach bites you but does no damage.
The endoplasm hits you but does no damage.
You hit the giant cockroach.
You kill the giant cockroach!
Lugonu accepts your kill.
You hit the jelly. The acid corrodes you!
Your hands burn!
The jelly is moderately wounded.
You hit the jelly but do no damage.
Your hands burn!
The jelly is moderately wounded.
The jelly hits you but does no damage.
You hit the jelly.
Your hands burn!
* * * LOW HITPOINT WARNING * * *
The jelly is heavily wounded.
The jelly hits you but does no damage.
You hit the jelly.
Your hands burn!
* * * LOW HITPOINT WARNING * * *
You headbutt the jelly.
You kill the jelly!
Lugonu accepts your kill.
You have reached level 3!
Your experience leads to an increase in your attributes!
Increase (S)trength, (I)ntelligence, or (D)exterity?
You feel stronger.
You barely miss the giant cockroach. You headbutt the giant cockroach.
You kill the giant cockroach!
Lugonu accepts your kill.
You hit the endoplasm but do no damage.
You headbutt the endoplasm, but do no damage.
The endoplasm hits you but does no damage.
You hit the endoplasm but do no damage. You headbutt the endoplasm.
The endoplasm is severely wounded.
The endoplasm freezes you.
You are frozen.
* * * LOW HITPOINT WARNING * * *
It was a potion of haste.
You feel yourself speed up. The endoplasm hits you.
You die...

......#........####...####.#
#.###.#....................#
#.#.#......................#
#.#...#..###############...#
#...#.#..#.............#...#
....#.#..#.............#...#
##..#.#..# .....Jw.....#...#####
......#..#######J#######.......#
....###>.#.....†@†.....#..######
###.###..'⌠....###....⌠+..#
#....#..#......<......#..#
#....#..#..⌠...>...⌠..#..#
#....#..###'#######'###..###
####..#.....................#
..###.#.#...................#
..# #...#.###############...#
..# ##..#.# #...#


You could see a worm and 2 endoplasms.

Vanquished Creatures
  A jelly (D:1)
  2 bats (D:1)
  2 endoplasms (D:1)
  5 giant cockroaches (D:1)
  A goblin (D:1)
  5 jackals (D:1)
  A quokka (D:1)
  2 ball pythons (D:1)
  A frilled lizard (D:1)
  5 rats (D:1)
25 creatures vanquished.

Notes
Turn   | Place    | Note
-------+----------+-------------------------------------------
     0 | Abyss:1  | hamarrboo the Minotaur Abyssal Knight began the quest for
                  | the Orb.
     0 | Abyss:1  | Reached XP level 1. HP: 19/19 MP: 1/1
    93 | Abyss:1  | Found a corrupted altar of Lugonu.
   106 | D:1      | Escaped the Abyss
   107 | D:1      | Noticed a jelly
   114 | D:1      | Found a runed translucent door.
   263 | D:1      | Reached skill level 4 in Fighting
   345 | D:1      | Reached XP level 2. HP: 27/27 MP: 2/2
   704 | D:1      | Reached ** piety under Lugonu
   735 | D:1      | Reached XP level 3. HP: 6/34 MP: 3/3
   738 | D:1      | Slain by an endoplasm

Illustrated notes

Levels and vault maps discovered:
D:1:      dpeg_arrival_caged_fury, layout_basic, st_stairs_12
D:2:      layout_basic, minmay_tiny_reverse_x, uniq_terence

Skill      XL: |  1  2 |
---------------+-------+-----
Fighting       | 4 |  4.4
Polearms       | 3 |  3.8
Throwing       | |  0.9
Armour         | |  2.8
Dodging        | |  1.1
Invocations    | |  1.7

Action                   || total
-------------------------++-------
Melee: Spear             ||    63
       Headbutt          ||     9
Throw: Dart              ||    23
  Use: Potion            ||     1
Armor: Plate armour      ||    34
Dodge: Dodged            ||    10
